AoeStats
← Clueless Clown

African Clearing

506568768Analyzed
4v4 RM · 17d ago on Sep 14, 2026· 61m 37s· 8 players
Game mode
Random Map
Map size
Large (8 player)
Population
200
Speed
Normal
Resources
Standard
Victory
Conquest
Starting age
Dark Age
Ending age
Imperial Age
RankedLock teamsTeams togetherTeam positionsShared explorationLock speedFull tech treeHidden civsTurbo modeCheats
Victory
Defeat
🇨🇱 Bohemians · Chile
1130
+13
🇨🇱 Hindustanis · Chile
1114
+14
🇨🇱 Mongols · Chile
1104
+14
🇨🇱 Persians · Chile
1007
+18
🇦🇺 Goths · Australia
1093
-16
🇦🇷 Huns · Argentina
1059
-15
🇺🇸 Magyars · United States
1051
-14
🇺🇸 Koreans · United States
1040
-14
Clueless Clown
13:00 Feudal Age
17:15 Castle Age
15:59 Double-Bit Axe
15:55 Horse Collar
18:53 Loom
27:17 Wheelbarrow
27:29 Gold Mining
27:29 Stone Mining
28:11 Bow Saw
28:39 Hand Cart
30:01 Fletching
33:06 Imperial Age
31:04 Bodkin Arrow
31:19 Treadmill Crane
33:54 Ballistics
34:51 Chemistry
34:11 Murder Holes
36:02 Bracer
36:59 Conscription
36:00 Elite War Wagon
36:42 Eupseong
37:30 Guilds
38:30 Arrowslits
38:57 Masonry
41:53 Stone Shaft Mining
49:35 Architecture
53:37 Siege Engineers
56:32 Two-Man Saw
56:37 Heavy Rocket Cart
57:45 Shinkichon
58:43 Crossbowman
59:29 Thumb Ring
59:58 Arbalester
HectorSquash24
12:31 Feudal Age
17:04 Wheelbarrow
16:38 Scale Barding Armor
16:45 Horse Collar
20:00 Stone Mining
24:51 Castle Age
24:20 Bloodlines
26:03 Pikeman
28:28 Heavy Plow
37:12 Imperial Age
36:25 Corvinian Army
40:37 Hand Cart
BITCOIN_
4:44 Loom
12:23 Feudal Age
15:24 Bloodlines
16:23 Forging
16:34 Bloodlines
22:06 Castle Age
23:42 Scale Barding Armor
24:30 Double-Bit Axe
25:43 Chain Barding Armor
26:51 Wheelbarrow
30:17 Iron Casting
37:33 Imperial Age
34:59 Horse Collar
36:26 Heavy Plow
35:57 Man-at-Arms
37:37 Bow Saw
37:46 Long Swordsman
38:29 Squires
38:33 Scale Mail Armor
38:36 Two-Handed Swordsman
40:55 Hand Cart
42:49 Capped Ram
45:00 Chain Mail Armor
51:03 Fletching
51:14 Padded Archer Armor
51:08 Pikeman
53:48 Leather Archer Armor
55:50 Halberdier
59:37 Blast Furnace
KingJo
10:27 Loom
13:30 Feudal Age
13:33 Man-at-Arms
14:16 Double-Bit Axe
18:37 Horse Collar
27:02 Castle Age
27:16 Pikeman
28:15 Bow Saw
28:47 Scale Mail Armor
28:59 Long Swordsman
32:42 Forging
LA BANANA MECANICA
5:10 Loom
8:30 Loom
12:47 Feudal Age
13:36 Double-Bit Axe
28:13 Castle Age
28:14 Forging
28:23 Pikeman
29:33 Scale Mail Armor
29:47 Squires
46:42 Fletching
50:38 Bodkin Arrow
59:24 Horse Collar
60:04 Bow Saw
60:35 Wheelbarrow
64:17 Imperial Age
Aagler
11:23 Loom
13:30 Feudal Age
18:29 Castle Age
19:04 Forging
23:25 Scale Barding Armor
27:19 Wheelbarrow
27:49 Chain Barding Armor
27:52 Gold Mining
29:08 Town Watch
31:00 Bloodlines
31:26 Iron Casting
37:40 Imperial Age
35:34 Masonry
35:25 Murder Holes
35:41 Masonry
36:00 Fletching
36:12 Double-Bit Axe
38:17 Husbandry
37:44 Heavy Camel Rider
38:52 Light Cavalry
40:09 Plate Barding Armor
41:57 Blast Furnace
41:26 Padded Archer Armor
42:45 Chemistry
43:06 Hand Cart
44:13 Bow Saw
43:44 Horse Collar
45:25 Elite Ghulam
46:26 Conscription
46:20 Hussar
48:37 Scale Mail Armor
49:02 Ballistics
53:13 Imperial Camel Rider
54:03 Shatagni
56:07 Chain Mail Armor
56:56 Siege Elephant
61:03 Bodkin Arrow
ELROMPÈBOTAGISO
7:11 Loom
14:55 Feudal Age
22:13 Castle Age
21:30 Double-Bit Axe
22:01 Horse Collar
23:06 Squires
23:09 Pikeman
26:31 Scale Mail Armor
27:03 Bow Saw
31:00 Town Watch
31:51 Wheelbarrow
32:11 Forging
35:21 Fletching
38:57 Gold Mining
39:48 Hand Cart
40:24 Padded Archer Armor
41:41 Bloodlines
41:32 Husbandry
42:23 Gold Shaft Mining
42:13 Bodkin Arrow
43:24 Stone Mining
44:50 Leather Archer Armor
45:51 Ballistics
49:15 Imperial Age
50:31 Conscription
50:21 Bracer
50:45 Elite Mangudai
53:28 Chemistry
53:28 Onager
56:43 Capped Ram
58:15 Siege Ram
Brham El Nordico
6:48 Loom
15:05 Feudal Age
16:02 Double-Bit Axe
22:32 Castle Age
21:08 Gold Mining
27:18 Forging
27:14 Scale Barding Armor
27:11 Stone Mining
27:35 Bow Saw
30:50 Man-at-Arms
31:16 Gambesons
31:33 Long Swordsman
37:50 Wheelbarrow
38:44 Iron Casting
40:24 Chain Barding Armor
39:56 Fletching
42:12 Gold Shaft Mining
42:12 Stone Shaft Mining
41:21 Horse Collar
47:20 Hand Cart
52:04 Imperial Age
49:42 Scale Mail Armor
52:48 Conscription
53:12 Conscription
52:13 Elite War Elephant
53:31 Ballistics
54:43 Blast Furnace
56:24 Chain Mail Armor
59:18 Plate Barding Armor
59:14 Plate Mail Armor
Connection lost

Rejoining the realm…

Still unreachable

The connection could not be restored.

Session expired

The server has moved on; the page needs a fresh start.